 Dungeon Crawl Stone Soup version 0.28.0 (webtiles) character file.

Game seed: 5987010460704707655

44 Orthodox the Skirmisher (level 3, -2/22 (30) HPs)
             Began as a Demonspawn Fighter on Feb 9, 2022.
             Slain by a scorpion (6 damage)
             ... on level 1 of the Dungeon.
             The game lasted 00:03:02 (1327 turns).

Orthodox the Skirmisher (Demonspawn Fighter)        Turns: 1327, Time: 00:03:02

HP:   -2/22 (30)    AC:  6    Str: 18    XL:     3   Next: 39%
MP:   3/3           EV:  9    Int:  9    God:
Gold: 26            SH:  8    Dex: 12    Spells: 2/2 levels left

rFire   . . .      SeeInvis .   a - +0 flail
rCold   . . .      Faith    .   c - +0 buckler
rNeg    . . .      Spirit   .   b - +0 scale mail
rPois   .          Reflect  .   (no helmet)
rElec   .          Harm     .   (no cloak)
rCorr   .          Rampage  .   (no gloves)
Will    .....                   (no boots)
Stlth   ..........              (no amulet)
HPRegen 0.07/turn               (no ring)
MPRegen 0.08/turn               (no ring)

@: very heavily drained
A: condensation shield
a: no special abilities


You were on level 1 of the Dungeon.
You visited 1 branch of the dungeon, and saw 2 of its levels.

You collected 26 gold pieces.

Inventory:

Hand Weapons
 a - a +0 flail (weapon)
 k - a +1 whip of draining
Armour
 b - a +0 scale mail (worn)
 c - a +0 buckler (worn)
 h - a +0 kite shield
Potions
 d - a potion of might
 f - 2 potions of curing
 g - a potion of resistance {unknown}
 i - a potion of lignification {unknown}


   Skills:
 + Level 3.8 Fighting
 + Level 2.7 Maces & Flails
 - Level 2.6 Armour
 - Level 2.6 Shields


You had 2 spell levels left.
You didn't know any spells.
Your spell library contained the following spells:

 Spells                   Type           Power      Damage    Failure   Level
 Apportation              Tloc           0%         N/A       86%         1
 Alistair's Intoxication  Tmut/Pois      0%         N/A       100%        5


Dungeon Overview and Level Annotations

Branches:
Dungeon (2/15)

Altars:

Shops:
D:1 [


Innate Abilities, Weirdness & Mutations

A meltable shield of frost defends you. (SH +4)


Message History

Things that are here:
a +1 whip of draining; 2 stones; a kobold corpse You start resting.
A scorpion is nearby!
Things that are here:
a +1 whip of draining; 2 stones; a kobold corpse
k - a +1 whip of draining
As you read the scroll labelled WASAUBR RARCHE, it crumbles to dust.
It is a scroll of amnesia.
You feel forgetful for a moment.
As you read the scroll labelled YTREUCA QESAM, it crumbles to dust.
It is a scroll of identify.
f - 2 potions of curing You block the scorpion's attack.
You block the scorpion's attack.
The scorpion stings you but does no damage.
Things that are here:
2 stones; a kobold corpse The scorpion stings you.
You block the scorpion's attack.
There is a stone staircase leading up here.
The scorpion barely misses you.
You climb upwards.
There is a stone staircase leading down here.
You block the scorpion's attack. The scorpion stings you.
You are poisoned.
The scorpion poisons you!
You feel sick.
You feel sick.
You feel sick.
You feel sick.
You feel sick.
The scorpion stings you but does no damage.
You feel sick.
You feel sick.
You are no longer poisoned.
The scorpion barely misses you. You block the scorpion's attack.
The scorpion stings you.
You die...

##.#
#......###.#)###........
#.# #.......#.##.#
#.######. #.#
#........###.# #.# #. #.#
########.###.# #.# #. #.#
#...##.###.## #. #.#
#......##...# #. #.# ###
#...........## ##.
#.###.#######s###.>.....#
#.. #.##.#......@.#
#.####..# #.#
#...###.#######
#.####..###.# ####.#.##
#.##.#.#..... ##.##
#.##..∩..#..# ###
#....#.###..#
#...#...##...
##.###.####.# ##.##
##.###.# #.## ##.#...


You could see a scorpion.

Vanquished Creatures
  An adder (D:2)
  A worm (D:2)
  2 dart slugs (D:1)
  An endoplasm (D:1)
  A giant cockroach (D:1)
  2 goblins (D:1)
  2 hobgoblins (D:1)
  4 jackals (D:1)
  2 quokkas
  4 ball pythons (D:1)
  A bat (D:1)
  A frilled lizard (D:1)
  3 kobolds
  2 rats (D:1)
27 creatures vanquished.

Notes
Turn   | Place    | Note
-------+----------+-------------------------------------------
     0 | D:1      | Orthodox the Demonspawn Fighter began the quest for the
                  | Orb.
     0 | D:1      | Reached XP level 1. HP: 18/18 MP: 1/1
   133 | D:1      | Gained mutation: A meltable shield of frost defends you.
                  | (SH +4) [demonic ancestry]
   133 | D:1      | Reached XP level 2. HP: 23/24 MP: 2/2
   546 | D:1      | Found Seqahal's Antique Armour Shoppe.
   863 | D:1      | Reached XP level 3. HP: 29/29 MP: 3/3
  1194 | D:2      | Noticed a scorpion
  1327 | D:1      | Slain by a scorpion

Illustrated notes

Levels and vault maps discovered:
D:1:      lemuel_arrival_river_passageway, layout_loops_cross, serial_shops,
          nicolae_shop_crystal
D:2:      layout_rooms, kennysheep_path_1, chequers_serial_rivers_micro_e,
          minmay_misc_feat_alley

Skill      XL: |  1 |
---------------+----+-----
Maces & Flails | 2 |  2.7
Fighting       | |  3.8
Armour         | |  2.6
Shields        | |  2.6

Action                   || total
-------------------------++-------
Melee: Flail             ||   100
  Use: Scroll            ||     2
Armor: Scale mail        ||    49
Dodge: Dodged            ||    44
Block: Buckler           ||    51
